Map: Darkness Sanctuary LE

Players

Has

  • Race: Protoss Protoss
  • Spawn Location: 7:00

Serral - Winner!

  • Race: Zerg Zerg
  • Spawn Location: 11:00

Event: WCS Valencia 2018

VOD

Have the link to the VOD?

Description

Time

  • Played on: July 14, 2018, 1:11 p.m.
  • Length: 13:43

All games in this series

Show
View Real Time Build Order
Export as new Build Order

Has Protoss 

Build Orders:  

Get SALT Encoding   

  12  0:00  Probe  
  13  0:12  Probe  
  14  0:18  Pylon  
  14  0:23  Probe  
  15  0:32  Probe  
  15  0:38  Gateway  
  15  0:41  Probe  
  17  0:51  Probe  
  18  0:59  Probe  
  19  1:05  Assimilator  
  19  1:07  Probe  
  19  1:10  Forge  
  20  1:19  Probe  
  21  1:37  Pylon  
  21  1:44  Pylon  
  21  1:48  Probe  
  21  1:49  Pylon  
  22  1:57  Photon Cannon  
  22  2:02  Probe  
  22  2:04  Cybernetics Core  
  23  2:11  Assimilator  
  23  2:14  Probe  
  24  2:20  Pylon  
  24  2:26  Probe  
  25  2:32  Photon Cannon  
  25  2:44  Stalker  
  25  2:47  Robotics Facility  
  25  2:48  Shield Battery  
  26  2:53  Shield Battery  
  28  3:05  Shield Battery  
  27  3:13  Photon Cannon  
  27  3:18  Stalker  
  29  3:25  Shield Battery  
  29  3:28  Immortal  
  29  3:31  Shield Battery  
  32  3:53  Shield Battery  
  32  3:55  Shield Battery  
  32  4:02  Shield Battery  
  32  4:16  Warp Prism, Pylon  
  34  4:26  Pylon  
  34  4:45  Pylon  
  34  4:48  Shield Battery  
  38  5:03  Immortal  
  38  5:10  Pylon  
  38  5:13  Pylon  
  34  5:21  Pylon  
  34  5:28  Shield Battery  
  34  5:33  Photon Cannon  
  34  5:36  Shield Battery x2  
  34  5:39  Probe  
  35  5:50  Warp Gate  
  35  5:55  Probe  
  35  5:56  Stargate  
  37  6:14  Shield Battery  
  37  6:17  Shield Battery  
  36  6:21  Stargate  
  36  6:22  Probe  
  37  6:39  Probe  
  38  6:45  Oracle  
  40  7:01  Nexus  
  40  7:04  Probe  
  37  7:16  Pylon  
  40  7:24  Phoenix x2  
  40  7:29  Pylon  
  41  7:37  Shield Battery  
  42  8:08  Phoenix  
  42  8:10  Phoenix  
  45  8:15  Probe  
  45  8:17  Probe  
  47  8:27  Phoenix  
  47  8:29  Probe, Phoenix  
  51  8:40  Probe  
  53  8:42  Probe  
  53  8:47  Pylon  
  54  8:52  Probe  
  54  8:54  Probe, Phoenix  
  58  9:02  Phoenix  
  61  9:10  Probe  
  61  9:12  Phoenix  
  61  9:17  Pylon  
  63  9:30  Nexus  
  63  9:34  Pylon  
  63  9:37  Adept  
  65  9:40  Probe  
  65  9:42  Probe  
  67  9:50  Phoenix  
  70  9:52  Probe  
  70  9:56  Probe  
  71  10:06  Gateway  
  71  10:09  Gateway  
  71  10:12  Twilight Council  
  71  10:13  Probe x2  
  73  10:25  Protoss Ground Weapons Level 1, Probe  
  75  10:31  Gateway  
  75  10:32  Gateway  
  75  10:33  Assimilator  
  74  10:36  Charge  
  74  10:39  Probe x2  
  75  10:45  Gateway  
  77  11:07  Gateway  
  77  11:09  Gateway  
  75  11:12  Gateway  
  75  11:14  Gateway  
  75  11:16  Gateway  
  75  11:20  Shield Battery  
  75  11:33  Pylon, Phoenix  
  75  11:34  Phoenix  
  75  11:38  Zealot, Pylon  
  75  11:39  Zealot  
  83  11:48  Zealot x3  
  83  11:50  Pylon  
  83  11:52  Pylon  
  89  12:07  Zealot  
  89  12:08  Zealot x5  
  99  12:13  Pylon  
  101  12:21  Zealot x2  
  101  12:22  Zealot x2  
  102  12:38  Zealot x6  
  102  12:43  Zealot  
  116  12:49  Zealot x2  
  116  12:50  Zealot  
  118  13:04  Zealot x5  
  92  13:15  Zealot x4  
  90  13:31  Zealot x6  
Show
View Real Time Build Order
Export as new Build Order

Serral Zerg - Winner!

Build Orders: Hatch First, Ravager All-In 

Get SALT Encoding   

  12  0:00  Drone  
  13  0:12  Overlord  
  13  0:17  Drone  
  14  0:31  Drone x2  
  16  0:50  Hatchery  
  16  0:54  Drone  
  16  0:55  Drone  
  17  0:59  Drone  
  18  1:11  Extractor  
  17  1:17  Spawning Pool  
  16  1:18  Drone  
  16  1:23  Drone  
  18  1:29  Drone  
  19  1:41  Drone  
  20  1:56  Drone  
  22  2:03  Hatchery  
  22  2:04  Overlord  
  22  2:07  Queen  
  22  2:08  Extractor  
  22  2:13  Roach Warren  
  22  2:15  Zergling x2  
  22  2:29  Spine Crawler  
  21  2:35  Drone x2  
  23  2:39  Spine Crawler  
  22  2:48  Drone  
  23  2:53  Overlord  
  23  3:05  Roach  
  25  3:16  Roach  
  25  3:18  Roach  
  31  3:22  Roach x3  
  35  3:36  Ravager  
  35  3:37  Overlord  
  35  3:40  Drone x2  
  38  3:51  Ravager  
  38  3:53  Ravager  
  37  3:56  Roach x2  
  37  3:59  Roach, Ravager  
  44  4:03  Metabolic Boost  
  44  4:09  Zergling x2  
  46  4:10  Zergling x2  
  46  4:12  Drone  
  47  4:18  Zergling x4  
  49  4:26  Ravager  
  49  4:27  Zergling x2  
  49  4:30  Zergling x4  
  48  4:41  Zergling x2  
  48  4:43  Ravager  
  48  4:44  Ravager  
  48  4:45  Zergling x4  
  51  4:54  Zergling x2  
  51  4:56  Overlord  
  48  5:12  Zergling x2, Roach x3  
  49  5:17  Roach x2  
  49  5:27  Roach x2  
  49  5:36  Ravager  
  49  5:38  Zergling x2, Roach  
  50  5:48  Zergling x4, Ravager  
  50  5:49  Queen  
  50  5:58  Zergling x2  
  48  6:05  Roach  
  44  6:11  Zergling x4  
  44  6:14  Queen  
  44  6:21  Zergling x2, Ravager x2  
  44  6:22  Zergling x2  
  48  6:30  Zergling x2  
  47  6:37  Zergling x2  
  47  6:41  Zergling x2  
  47  6:42  Zergling x2  
  44  6:52  Queen x2  
  46  6:58  Zergling x4  
  47  7:05  Zergling x4  
  45  7:13  Zergling x2  
  43  7:25  Spore Crawler x2  
  43  7:29  Drone x5  
  46  7:37  Drone x2  
  48  7:51  Hatchery, Drone  
  48  7:54  Drone  
  48  7:55  Drone  
  50  8:06  Overlord  
  50  8:07  Drone  
  51  8:17  Overlord  
  51  8:20  Overlord  
  51  8:24  Queen  
  51  8:25  Overlord  
  52  8:31  Spore Crawler  
  51  8:35  Lair  
  51  8:38  Drone x3  
  54  8:44  Drone x2  
  54  8:48  Drone x2  
  58  8:54  Overlord  
  58  8:57  Drone  
  58  8:59  Drone  
  60  9:06  Drone x2  
  60  9:09  Drone  
  63  9:18  Queen  
  63  9:19  Spore Crawler  
  63  9:23  Queen  
  66  9:25  Spore Crawler  
  66  9:26  Drone  
  66  9:28  Drone  
  66  9:29  Drone  
  66  9:30  Drone  
  69  9:32  Drone  
  69  9:34  Overseer  
  69  9:36  Drone  
  71  9:41  Drone x2  
  71  9:45  Drone x3  
  75  9:46  Drone  
  75  9:50  Drone x2  
  75  9:52  Drone  
  74  9:56  Spore Crawler  
  74  9:57  Drone  
  74  9:59  Drone  
  74  10:02  Overlord  
  74  10:04  Drone  
  74  10:05  Drone  
  76  10:08  Extractor x2  
  76  10:11  Drone x2  
  76  10:12  Drone  
  77  10:15  Spore Crawler, Drone  
  77  10:20  Drone  
  77  10:25  Drone  
  77  10:26  Spire  
  77  10:28  Overseer  
  77  10:30  Extractor x2  
  75  10:36  Drone x4  
  75  10:37  Drone  
  79  10:48  Hatchery  
  76  10:51  Drone  
  76  10:52  Drone x3  
  76  10:54  Drone x2  
  79  10:58  Glial Reconstitution  
  79  11:02  Overlord  
  79  11:03  Overlord  
  79  11:08  Overlord  
  79  11:17  Overlord  
  79  11:38  Corruptor x7  
  93  11:42  Corruptor  
  93  11:43  Corruptor  
  97  11:48  Roach, Evolution Chamber  
  98  11:54  Roach x3  
  98  12:01  Corruptor x2  
  108  12:13  Overlord  
  108  12:14  Spore Crawler, Drone x3  
  108  12:15  Drone  
  111  12:20  Roach x3  
  117  12:26  Roach  
  118  12:36  Roach x5  
  128  12:42  Overlord x2  
  128  12:43  Overlord  
  128  12:46  Evolution Chamber  
  128  12:47  Evolution Chamber  
  128  12:50  Evolution Chamber  
  123  13:01  Roach  
  123  13:02  Roach x9  
  129  13:09  Roach  
  129  13:10  Roach x2  
  127  13:14  Roach x2  
  127  13:19  Roach  
  131  13:20  Zergling x2  
Tags
 
Add a new tag
Caveats
  • Supply blocks, unpowered buildings, or Contaminate may cause inaccurate times.
  • Supply counts are checked every 10 seconds.